[Event "Novoborska Sachova Corrida 2019"]
[Site "Novy Bor"]
[Date "2019.08.21"]
[Round "3.2"]
[White "Kriebel, Tadeas"]
[Black "Werle, Jan"]
[Result "1/2-1/2"]
[ECO "B47"]
[WhiteElo "2531"]
[BlackElo "2540"]
[Annotator "ChessBase"]
[PlyCount "72"]
[EventDate "2019.08.21"]
[EventCountry "CZE"]
[SourceTitle "playchess.com"]
[Source "ChessBase"]
[SourceQuality "1"]
[TimeControl "40/5400+30:1800+30"]

1. e4 c5 2. Nf3 e6 3. d4 cxd4 4. Nxd4 Nc6 5. Nc3 Qc7 6. f4 a6 7. Nxc6 Qxc6 8. Bd3 b5 9. Qe2 Bb7 10. Bd2 Bc5 11. a3 Ne7 12. O-O-O O-O 13. h4 b4 14. axb4 Bxb4 15. h5 Rfc8 16. Qg4 f5 17. exf5 exf5 18. Bxf5 Nxf5 19. Qxf5 Qe6 20. Qxe6+ dxe6 21. h6 Bf8 22. hxg7 Bxg7 23. Rde1 Bxg2 24. Rhg1 Bh3 25. Ne4 Bf5 26. Bc3 Bg6 27. Bxg7 Kxg7 28. c3 Rc6 29. Ng5 Kf6 30. Re5 Rd8 31. Rh1 h5 32. Ne4+ Bxe4 33. Rxe4 Rh8 34. Re5 h4 35. Kd2 h3 36. Re3 Rc4 1/2-1/2

[Event "Novoborska Sachova Corrida 2019"]
[Site "Novy Bor"]
[Date "2019.08.21"]
[Round "4.2"]
[White "Werle, Jan"]
[Black "Kriebel, Tadeas"]
[Result "0-1"]
[ECO "D24"]
[WhiteElo "2540"]
[BlackElo "2531"]
[Annotator "ChessBase"]
[PlyCount "72"]
[EventDate "2019.08.21"]
[EventCountry "CZE"]
[SourceTitle "playchess.com"]
[Source "ChessBase"]
[SourceQuality "1"]
[TimeControl "40/5400+30:1800+30"]

1. d4 Nf6 2. c4 e6 3. Nf3 d5 4. Nc3 dxc4 5. e4 b5 6. e5 Nd5 7. Nxb5 Nb6 8. Be2 Bb7 9. O-O Be7 10. Be3 O-O 11. Qc2 Nc6 12. a3 Na5 13. Rad1 Qd7 14. Nc3 h6 15. Nd2 Rab8 16. Nde4 Nd5 17. Ng3 Nxe3 18. fxe3 Bg5 19. Kh1 Bxe3 20. Bf3 Bxd4 21. Bxb7 Rxb7 22. Nce4 Qd5 23. Nh5 Qxe5 24. Nef6+ gxf6 25. Nxf6+ Qxf6 26. Rxf6 Bxf6 27. Qa4 Rxb2 28. Qxa5 c3 29. Rc1 Bg5 30. Qxc3 Bxc1 31. h4 Rfb8 32. Qg3+ Kf8 33. Qxc7 R2b6 34. Kh2 Bxa3 35. Qxa7 Bd6+ 36. Kh3 h5 0-1

[Event "Novoborska Sachova Corrida 2019"]
[Site "Novy Bor"]
[Date "2019.08.22"]
[Round "5.1"]
[White "Van Wely, Loek"]
[Black "Nguyen, Thai Dai Van"]
[Result "1/2-1/2"]
[ECO "A22"]
[WhiteElo "2608"]
[BlackElo "2535"]
[Annotator "ChessBase"]
[PlyCount "219"]
[EventDate "2019.08.21"]
[EventCountry "CZE"]
[SourceTitle "playchess.com"]
[Source "ChessBase"]
[SourceQuality "1"]
[TimeControl "40/5400+30:1800+30"]

1. c4 Nf6 2. Nc3 e5 3. g3 Bb4 4. e4 Bxc3 5. dxc3 d6 6. Qc2 Nc6 7. Nf3 Be6 8. Be3 O-O 9. h3 h6 10. Rd1 a6 11. b3 Qd7 12. g4 Qe8 13. Rg1 Ne7 14. g5 hxg5 15. Nxg5 Ng6 16. Qe2 Nf4 17. Bxf4 exf4 18. Kd2 Bd7 19. Qf3 Qe5 20. Bd3 g6 21. Qg2 Bg4 22. Nxf7 Kxf7 23. hxg4 g5 24. Rh1 Rh8 25. Kc2 Kg7 26. b4 a5 27. Rxh8 Rxh8 28. a3 Ra8 29. Kb3 Qe8 30. Ra1 Nd7 31. e5 Nxe5 32. Qe4 Qg6 33. Qxg6+ Nxg6 34. Be4 a4+ 35. Kc2 Re8 36. f3 Ne5 37. Bxb7 Nxc4 38. Kd3 Ne5+ 39. Kd4 c6 40. Rf1 Rh8 41. c4 Rh2 42. b5 Rd2+ 43. Kc3 Rd3+ 44. Kc2 cxb5 45. cxb5 Rb3 46. Rb1 Rxb1 47. Kxb1 Nc4 48. Bc6 Nxa3+ 49. Kb2 Nc4+ 50. Kc3 Nb6 51. Be4 Kf6 52. Kb4 Ke5 53. Bc2 Kd4 54. Bxa4 Nd5+ 55. Ka5 Kc5 56. Bd1 Nb6 57. Be2 d5 58. Ka6 d4 59. Bf1 Nd5 60. Ka7 Nb6 61. Ka6 Nd7 62. Ka7 Ne5 63. b6 d3 64. b7 d2 65. Be2 Nd7 66. Ka6 Kb4 67. Ka7 Kc5 68. Ka6 Kc6 69. Ka7 Kd5 70. Bd1 Kd4 71. Ba4 Ke3 72. Bd1 Kf2 73. Ba4 Kxf3 74. Bxd7 d1=Q 75. Bc6+ Kxg4 76. b8=Q Qa1+ 77. Kb6 Qd4+ 78. Ka6 Qa1+ 79. Kb6 Qd4+ 80. Ka6 f3 81. Bb5 Qa1+ 82. Kb6 Qd4+ 83. Ka6 Qf6+ 84. Ka5 Qf4 85. Qb6 Qd2+ 86. Ka6 Kg3 87. Qc7+ Qf4 88. Qc3 Qd6+ 89. Bc6 g4 90. Qe1+ Kf4 91. Qc1+ Kg3 92. Qe1+ Kg2 93. Qe2+ Kh3 94. Qf1+ Kh4 95. Qe1+ Kg5 96. Qe3+ Kh4 97. Kb5 Qd1 98. Qe7+ Kh3 99. Qh7+ Kg2 100. Qe4 g3 101. Qe3 Qf1+ 102. Kb4 Qb1+ 103. Kc3 Qa1+ 104. Kb3 Qd1+ 105. Kc3 Qf1 106. Kd2 Qf2+ 107. Kd3 Qxe3+ 108. Kxe3 Kh2 109. Bxf3 g2 110. Bxg2 1/2-1/2

[Event "Novoborska Sachova Corrida 2019"]
[Site "Novy Bor"]
[Date "2019.08.22"]
[Round "5.2"]
[White "Werle, Jan"]
[Black "Kriebel, Tadeas"]
[Result "0-1"]
[ECO "D24"]
[WhiteElo "2540"]
[BlackElo "2531"]
[Annotator "ChessBase"]
[PlyCount "78"]
[EventDate "2019.08.21"]
[EventCountry "CZE"]
[SourceTitle "playchess.com"]
[Source "ChessBase"]
[SourceQuality "1"]
[TimeControl "40/5400+30:1800+30"]

1. d4 Nf6 2. c4 e6 3. Nf3 d5 4. Nc3 dxc4 5. e4 b5 6. e5 Nd5 7. Nxb5 Nb6 8. a4 a6 9. Nc3 a5 10. Be2 Nc6 11. Bg5 Qd7 12. O-O Bb7 13. Nb5 Be7 14. Qc1 Bxg5 15. Qxg5 O-O 16. Rfc1 Na7 17. Na3 Bd5 18. Qh4 Nc6 19. Nc2 Rad8 20. Nd2 f6 21. exf6 Rxf6 22. f3 Rdf8 23. Rd1 Ne7 24. Ne3 Ng6 25. Qf2 Nf4 26. Kh1 Rg6 27. Bf1 Qe7 28. Qe1 Qg5 29. Qf2 Qh5 30. Ra3 Nh3 31. Qe1 Bxf3 32. Nxf3 Qxf3 33. Rd2 Nf2+ 34. Kg1 Nh3+ 35. Kh1 Qe4 36. Re2 Rgf6 37. Ra1 Nf2+ 38. Kg1 Qxd4 39. Qxa5 Nd5 0-1

[Event "Novoborska Sachova Corrida 2019"]
[Site "Novy Bor"]
[Date "2019.08.23"]
[Round "6.2"]
[White "Kriebel, Tadeas"]
[Black "Werle, Jan"]
[Result "1/2-1/2"]
[ECO "B43"]
[WhiteElo "2531"]
[BlackElo "2540"]
[Annotator "ChessBase"]
[PlyCount "86"]
[EventDate "2019.08.21"]
[EventCountry "CZE"]
[SourceTitle "playchess.com"]
[Source "ChessBase"]
[SourceQuality "1"]
[TimeControl "40/5400+30:1800+30"]

1. e4 c5 2. Nf3 e6 3. d4 cxd4 4. Nxd4 a6 5. Nc3 Qc7 6. Bd3 Nf6 7. Qe2 d6 8. g4 Nc6 9. Nb3 Be7 10. g5 Nd7 11. Be3 b5 12. O-O-O b4 13. Na4 Nce5 14. Nd2 Bb7 15. f4 Nxd3+ 16. Qxd3 Bc6 17. b3 Bxa4 18. bxa4 O-O 19. Nb3 Rfc8 20. Kb1 Nb6 21. Bxb6 Qxb6 22. a5 Qb7 23. h4 Rc3 24. Qe2 Rac8 25. Rd2 Qa7 26. Re1 Rg3 27. Rd3 Rg1 28. Rxg1 Qxg1+ 29. Rd1 Qa7 30. f5 Qc7 31. fxe6 fxe6 32. Nd4 Qc4 33. Qxc4 Rxc4 34. Nxe6 Rxe4 35. Nc7 Rxh4 36. Nxa6 Bd8 37. Rxd6 Bxa5 38. Kb2 Rc4 39. Rd5 Bb6 40. Kb3 Rc3+ 41. Kb2 Rc4 42. Kb3 Rc3+ 43. Kb2 Rc4 1/2-1/2